 Dungeon Crawl Stone Soup version 0.24.1-14-gf8d2b509d9 (webtiles) character file.

Game seed: 817026223160247335, levelgen mode: deterministic

18956 Elvor the Cleaver (level 12, -2/109 HPs)
             Began as a Deep Dwarf Fighter on June 1, 2020.
             Was a High Priest of Okawaru.
             Slain by a sun demon (18 damage)
             ... summoned by a kobold demonologist
             ... on level 12 of the Dungeon on June 3, 2020.
             The game lasted 05:28:18 (12817 turns).

Elvor the Cleaver (Deep Dwarf Fighter)             Turns: 12817, Time: 05:28:19

Health: -2/109     AC: 29    Str: 27    XL:     12   Next: 32%
Magic:  9/9        EV: 10    Int: 22    God:    Okawaru [*****.]
Gold:   54         SH: 14    Dex: 18    Spells: 4/11 levels left

rFire    + . .     SeeInvis .   g - +1 broad axe (vamp)
rCold    + . .     Gourm    .   c - +1 shield
rNeg     . . .     Faith    .   D - +14 chain mail "Isaikhes" {Int+5 Dex+5}
rPois    +         Spirit   .   R - +1 hat
rElec    +         Reflect  .   b - +2 cloak {+Inv}
rCorr    +         Harm     .   G - +1 pair of gloves
MR       +....                  d - +0 pair of boots
Stlth    ..........             u - amulet of the acrobat
HPRegen  0.00/turn              v - +6 ring of intelligence
MPRegen  0.11/turn              J - +3 ring of slaying

@: mighty, resistant, non-regenerating
A: damage resistance, heal wounds, talons 1, deformed body, sense surroundings
2, no regeneration
a: Heal Wounds, Heroism, Finesse, Renounce Religion, Evoke Invisibility


You were on level 12 of the Dungeon.
You worshipped Okawaru.
Okawaru was extremely pleased with you.
You were not hungry.

You visited 4 branches of the dungeon, and saw 15 of its levels.
You also visited: Ossuary.

You collected 882 gold pieces.
You spent 828 gold pieces at shops.

Inventory:

Hand Weapons
 a - a +1 war axe of freezing
 g - a +1 vampiric broad axe (weapon)
 n - a +2 dagger of draining
 x - a +2 long sword of draining
 A - a +3 long sword of freezing
 O - a +4 battleaxe of chopping
Missiles
 j - 9 curare-tipped darts
 E - 23 boomerangs
 M - 2 javelins (quivered)
 N - 36 poisoned darts
 Y - a throwing net
Armour
 b - a +2 cloak of invisibility (worn)
 c - a +1 shield (worn)
 d - a +0 pair of boots (worn)
 D - the +14 chain mail "Isaikhes" (worn) {Int+5 Dex+5}
   (You found it on level 10 of the Dungeon)

   It affects your intelligence (+5).
   It affects your dexterity (+5).
 G - a +1 pair of gloves (worn)
 P - a +2 scale mail of poison resistance
 R - a +1 hat (worn)
Magical Staves
 S - an uncursed staff of cold
Jewellery
 u - an amulet of the acrobat (around neck)
 v - a +6 ring of intelligence (left hand)
 y - an uncursed ring of teleportation
 J - a +3 ring of slaying (right hand)
 U - the ring "Secsisux" {Ice +Blink}
   (You bought it in a shop on level 6 of the Dungeon)

   [ring of ice]

   It enhances your ice magic.
   It makes you vulnerable to fire.
   It protects you from cold.
   It lets you blink.
Wands
 k - a wand of iceblast (2)
 m - a wand of flame (17)
 s - a wand of acid (3)
 H - a wand of polymorph (37)
Scrolls
 o - 3 scrolls of identify
 p - 7 scrolls of remove curse
 r - 3 scrolls of noise
 t - 3 scrolls of immolation
 C - 2 scrolls of blinking
 F - 3 scrolls of enchant armour
 Q - 3 scrolls of fear
 T - 4 scrolls of magic mapping
 V - 2 scrolls of enchant weapon
 W - 4 scrolls of amnesia
 Z - a scroll of teleportation
Potions
 h - a potion of curing
 i - 2 potions of flight
 w - 3 potions of lignification
 z - 2 potions of agility
 B - a potion of invisibility
 I - a potion of cancellation
 K - a potion of might
 L - 2 potions of berserk rage
 X - 4 potions of mutation
Miscellaneous
 e - a phial of floods
Comestibles
 f - 12 rations


   Skills:
 + Level 7.0 Fighting
 * Level 5.0 Long Blades
 + Level 11.9 Axes
 + Level 5.9 Throwing
 + Level 9.4 Armour
 + Level 4.1 Dodging
 + Level 1.7 Stealth
 + Level 9.4 Shields
 * Level 5.6 Invocations
 * Level 6.0 Evocations


You had 4 spell levels left.
You knew the following spells:

 Your Spells              Type           Power        Failure   Level  Hunger
a - Confuse               Hex            #.......     99%         3    ####...
b - Apportation           Tloc           #.....       85%         1    ##.....
c - Tukima's Dance        Hex            #.......     99%         3    ####...

Your spell library contained the following spells:

 Spells                   Type           Power        Failure   Level  Hunger
 Animate Skeleton         Necr           N/A          85%         1    ##.....
 Beastly Appendage        Tmut           #.....       85%         1    ##.....
 Confusing Touch          Hex            #.....       85%         1    ##.....
 Corona                   Hex            #......      85%         1    ##.....
 Shock                    Conj/Air       #...         85%         1    ##.....
 Summon Small Mammal      Summ           #...         85%         1    ##.....
 Ensorcelled Hibernation  Hex/Ice        #.....       94%         2    ###....
 Sticks to Snakes         Tmut           #.......     94%         2    ###....
 Swiftness                Chrm/Air       #.......     94%         2    ###....
 Dazzling Spray           Conj/Hex       #.....       99%         3    ####...
 Spider Form              Tmut/Pois      #.........   99%         3    ####...
 Static Discharge         Conj/Air       #.......     99%         3    ####...
 Airstrike                Air            #.........   100%        4    #####..
 Ice Form                 Ice/Tmut       #.......     100%        4    #####..
 Blade Hands              Tmut           #.........   100%        5    ######.
 Lightning Bolt           Conj/Air       #.........   100%        5    ######.


Dungeon Overview and Level Annotations

Branches:
Dungeon (12/15)            Temple (1/1) D:5            Lair (1/6) D:11
    Orc (1/2) D:9         Ossuary (visited)

Altars:
Ashenzari
Cheibriados
Dithmenos
Elyvilon
Fedhas
Gozag
Hepliaklqana
Kikubaaqudgha
Makhleb
Nemelex Xobeh
Okawaru
Qazlal
Ru
Sif Muna
Trog
Uskayaw
Vehumet
Wu Jian
Xom
Yredelemnul
Zin
The Shining One
Beogh

Shops:
D:6 *   D:10 }   D:11 ?


Innate Abilities, Weirdness & Mutations

You are resistant to damage.
You can heal yourself by infusing magical energy.
You passively map the area around you.
You do not regenerate.
You have sharp toenails.
Armour fits poorly on your strangely shaped body.


Message History

You feel better. The ufetubus closely misses you. x2
You block the hellwing's attack. The hellwing closely misses you.
The kobold demonologist hits you but does no damage.
The big kobold closely misses you. You block the sun demon's attack.
The kobold demonologist looks satisfied for a moment.
The ufetubus hits you but does no damage. x2
You feel much better. The skeletal warrior barely misses you.
The hellwing misses you. You block the hellwing's attack.
You block the ufetubus's attack. x2; The sun demon hits you!
* * * LOW HITPOINT WARNING * * *
You are engulfed in flames!
* * * LOW HITPOINT WARNING * * *
The kobold demonologist hits you but does no damage.
The big kobold hits you but does no damage.
You feel protected. You block the ufetubus's attack. x2
You block the skeletal warrior's attack.
The hellwing hits you but does no damage. x2
The sun demon hits you!!
You die...

, , , ,, , , ,, * , ,, ,
.....# , , ,* ,,,
,,,.(..# , , ,, ,(.(#, ,
, , , * , ).# , ** * *
#z# , ,####### * #K#####
* ** #.....# ,*, ,, , ,
#KKK5.# #.....# * ,, ,
#Sz@4.# #.....# * ,
+.3(..# #.....# ,
,#.....# #.....# *
#.....# #.....# ,
#..^.#########.....# * ,
,#....#.)...........# ,
#....[.#)........... * ,
, ,
,#......#............ ,
,,,,#......#............


You could see 2 skeletal warriors, a sun demon, a hellwing, 2 kobold
demonologists, a big kobold, an adder, an ufetubus and a kobold.

Vanquished Creatures
  Erolcha (D:11)
  Harold (D:10)
  A centaur warrior (D:11)
  A two-headed ogre (D:12)
  Nergalle (D:11)
  Urug (D:11)
  Sonja (D:11)
  3 skeletal warriors (D:12)
  The ghost of Bodigarde the Fighter, a novice GnWn of Ashenzari (D:7)
  An orc sorcerer (D:9)
  A deep elf mage (D:12)
  An ugly thing (D:11)
  A moth of wrath (D:7)
  A cyclops (D:7)
  Maurice (D:9)
  A troll (D:11)
  Prince Ribbit (D:5)
  2 hippogriffs (D:10)
  A slime creature (D:10)
  Sigmund (D:3)
  2 water elementals (D:11)
  A wraith (D:10)
  A spriggan (D:8)
  A vampire (D:12)
  2 wyverns
  Eustachio (D:4)
  A water moccasin (D:10)
  Duvessa (D:7)
  6 ice beasts
  8 orc warriors
  2 sky beasts
  A black bear (D:9)
  3 phantoms
  6 ogres
  4 wolves (D:11)
  4 centaurs
  Blork the orc (D:5)
  3 big kobolds
  5 bullfrogs
  2 gnoll sergeants (D:7)
  A water moccasin zombie (D:7)
  A scorpion (D:9)
  A wyvern skeleton (D:10)
  Dowan (D:7)
  4 wights (D:7)
  17 killer bees
  An electric eel (D:11)
  5 howler monkeys
  3 crimson imps
  5 centaur zombies
  2 human zombies (Ossuary)
  A jelly (D:5)
  9 hounds
  14 orc wizards
  2 centaur skeletons
  9 orc priests
  2 iguanas
  6 worker ants
  A hound zombie (D:6)
  3 hound skeletons
  5 mummies
  A howler monkey zombie (D:6)
  9 adders
  4 gnolls (D:7)
  2 shadow imps
  2 oozes
  An adder zombie (D:9)
  3 worms
  3 dart slugs
  6 leopard geckos
  73 orcs
  A ball python (D:4)
  8 bats
  6 giant cockroaches
  2 gnoll zombies (Ossuary)
  11 goblins
  9 hobgoblins
  12 jackals
  5 quokkas
  3 frilled lizards
  A goblin zombie (Ossuary)
  A jackal zombie (D:5)
  31 kobolds
  A kobold zombie (Ossuary)
  2 leopard gecko zombies
  An orc zombie (Ossuary)
  5 rats
374 creatures vanquished.

Notes
Turn   | Place    | Note
-------+----------+-------------------------------------------
     0 | D:1      | Elvor the Deep Dwarf Fighter began the quest for the Orb.
     0 | D:1      | Reached XP level 1. HP: 20/20 MP: 1/1
   230 | D:1      | Reached XP level 2. HP: 28/28 MP: 2/2
   748 | D:2      | Reached XP level 3. HP: 32/34 MP: 3/3
   984 | D:2      | Reached skill level 3 in Axes
  1677 | D:2      | Reached XP level 4. HP: 23/42 MP: 4/4
  1924 | D:2      | Found a shimmering altar of Xom.
  1933 | D:2      | Found an iron altar of Okawaru.
  1942 | D:2      | Found a hide-covered altar of Uskayaw.
  1952 | D:2      | Found a snail-covered altar of Cheibriados.
  1964 | D:2      | Became a worshipper of Warmaster Okawaru
  2547 | D:3      | Reached XP level 5. HP: 31/49 MP: 5/5
  2679 | D:3      | Reached skill level 4 in Axes
  2856 | D:3      | Noticed Sigmund
  3484 | D:4      | Noticed an ogre
  3523 | D:4      | Killed an ogre
  3523 | D:4      | Reached * piety under Okawaru
  3523 | D:4      | Reached skill level 5 in Axes
  3523 | D:4      | Reached XP level 6. HP: 22/56 MP: 6/6
  3595 | D:4      | Reached skill level 1 in Dodging
  3601 | D:4      | Reached skill level 1 in Throwing
  3689 | D:4      | Found a glowing golden altar of the Shining One.
  3787 | D:4      | Found a snail-covered altar of Cheibriados.
  3821 | D:4      | Found a sand-covered staircase.
  3846 | Ossuary  | Entered an ossuary
  4112 | Ossuary  | Reached XP level 7. HP: 61/63 MP: 7/7
  4231 | Ossuary  | Reached ** piety under Okawaru
  4231 | Ossuary  | Reached skill level 5 in Shields
  4595 | D:4      | Noticed Eustachio
  4623 | D:4      | Killed Eustachio
  4623 | D:4      | Reached skill level 6 in Axes
  4678 | D:4      | Found a basalt altar of Yredelemnul.
  4912 | D:3      | Killed Sigmund
  4912 | D:3      | Reached skill level 5 in Armour
  4912 | D:3      | Reached XP level 8. HP: 25/72 MP: 8/8
  5120 | D:4      | Gained mutation: Armour fits poorly on your strangely
                  | shaped body. [potion of mutation]
  5120 | D:4      | Gained mutation: You have sharp toenails. [potion of
                  | mutation]
  5161 | D:5      | Entered Level 5 of the Dungeon
  5229 | D:5      | Reached skill level 7 in Axes
  5357 | D:5      | Noticed Blork the orc
  5382 | D:5      | Killed Blork the orc
  5594 | D:5      | Found a staircase to the Ecumenical Temple.
  5730 | D:5      | Noticed Prince Ribbit
  5737 | D:5      | Killed Prince Ribbit
  5737 | D:5      | Reached *** piety under Okawaru
  5737 | D:5      | Reached skill level 8 in Axes
  6117 | D:5      | Found a burning altar of Makhleb.
  6239 | Temple   | Entered the Ecumenical Temple
  6691 | D:6      | Found Kameleb's Assorted Antiques.
  6745 | D:6      | Bought a scroll labeled EHIQYD DYBY for 27 gold pieces
  6745 | D:6      | Bought a scroll labeled SUBEIBB KUAVIPN for 27 gold pieces
  6745 | D:6      | Bought a scroll labeled GIZITI WODANKO for 27 gold pieces
  6745 | D:6      | Bought a steaming jade ring for 135 gold pieces
  6745 | D:6      | Bought a scroll labeled TUSHRO IKHLICA for 27 gold pieces
  6747 | D:6      | Identified the ring "Secsisux" {Ice +Blink} (You bought it
                  | in a shop on level 6 of the Dungeon)
  6876 | D:6      | Gained mutation: You passively map the area around you.
                  | [Deep Dwarf growth]
  6876 | D:6      | Reached XP level 9. HP: 22/79 MP: 9/9
  6991 | D:6      | Reached skill level 1 in Stealth
  7061 | D:6      | Learned a level 3 spell: Confuse
  7063 | D:6      | Learned a level 1 spell: Apportation
  7067 | D:6      | Learned a level 3 spell: Tukima's Dance
  7347 | D:6      | Bought a potion of curing for 81 gold pieces
  7534 | D:7      | Found a transporter.
  7539 | D:7      | Found a transporter.
  7539 | D:7      | Noticed Bodigarde's ghost (novice GnWn)
  7540 | D:7      | Noticed a cyclops
  7550 | D:7      | Noticed a moth of wrath
  7994 | D:7      | Noticed Dowan
  7995 | D:7      | Noticed Duvessa
  8022 | D:7      | Killed Dowan
  8035 | D:7      | Killed Duvessa
  8035 | D:7      | Reached skill level 5 in Fighting
  8283 | D:7      | Found a bloodstained altar of Trog.
  8422 | D:7      | Reached skill level 9 in Axes
  8432 | D:8      | Reached skill level 1 in Evocations
  8526 | D:8      | Reached **** piety under Okawaru
  8796 | D:8      | Reached XP level 10. HP: 19/88 MP: 8/8
  8977 | D:8      | HP: 3/88 [ice beast (11)]
  9691 | D:7      | Killed a moth of wrath
  9696 | D:7      | Killed Bodigarde's ghost
  9696 | D:7      | Reached ***** piety under Okawaru
  9699 | D:7      | Killed a cyclops
  9699 | D:7      | Reached skill level 10 in Axes
  9699 | D:7      | Reached skill level 5 in Throwing
  9882 | D:9      | HP: 3/91 [shadow imp/nerve-wracking pain (11)]
 10078 | D:9      | Found a roughly hewn altar of Beogh.
 10350 | D:9      | Found a staircase to the Orcish Mines.
 10364 | D:9      | Received a gift from Okawaru
 10425 | D:9      | Found a bloodstained altar of Trog.
 10608 | Orc:1    | Entered Level 1 of the Orcish Mines
 10610 | Orc:1    | Noticed Maurice
 10627 | Orc:1    | Noticed an orc sorcerer
 10644 | D:9      | Killed Maurice
 10644 | D:9      | Reached XP level 11. HP: 67/97 MP: 8/8
 10687 | D:9      | Noticed a soul eater
 10695 | D:9      | Killed an orc sorcerer
 10695 | D:9      | Reached skill level 1 in Long Blades
 10695 | D:9      | Reached skill level 11 in Axes
 10711 | D:10     | Entered Level 10 of the Dungeon
 10830 | D:10     | Reached skill level 1 in Invocations
 10858 | D:10     | Noticed Harold
 10890 | D:10     | Killed Harold
 11095 | D:10     | Got a slimy chain mail
 11112 | D:10     | Found Pakag's Gadget Boutique.
 11267 | D:10     | Received a gift from Okawaru
 11293 | D:10     | Identified the +14 chain mail "Isaikhes" {Int+5 Dex+5} (You
                  | found it on level 10 of the Dungeon)
 11460 | D:10     | Bought a phial of floods for 440 gold pieces
 11680 | D:11     | Noticed Nergalle
 11688 | D:11     | Killed Nergalle
 11734 | D:11     | Found a staircase to the Lair.
 11771 | D:11     | Noticed a centaur warrior
 11779 | D:11     | Killed a centaur warrior
 11858 | D:11     | Noticed a cyan ugly thing
 11877 | D:11     | Killed a cyan ugly thing
 12032 | D:11     | Noticed Urug
 12050 | D:11     | Killed Urug
 12192 | D:11     | Found Maekhos's Magic Scroll Emporium.
 12194 | D:11     | Noticed Sonja
 12203 | D:11     | Killed Sonja
 12203 | D:11     | Reached skill level 5 in Evocations
 12237 | D:11     | Noticed Erolcha
 12247 | D:11     | Killed Erolcha
 12247 | D:11     | Reached XP level 12. HP: 77/106 MP: 11/11
 12369 | D:11     | Bought a scroll of identify for 32 gold pieces
 12369 | D:11     | Bought a scroll of identify for 32 gold pieces
 12408 | Lair:1   | Entered Level 1 of the Lair of Beasts
 12478 | D:12     | Noticed a two-headed ogre
 12503 | D:12     | Killed a two-headed ogre
 12503 | D:12     | Reached skill level 5 in Invocations
 12751 | D:12     | Reached skill level 5 in Long Blades
 12774 | D:12     | Received a gift from Okawaru
 12814 | D:12     | HP: 1/109 [sun demon[a kobold demonologist] (15)]
 12817 | D:12     | Slain by a sun demon

Levels and vault maps discovered:
D:1:      onia_arrival_pentagram, layout_basic
D:2:      wad_river_or_something, layout_basic, grunt_temple_overflow_cloverleaf
D:3:      layout_basic, first_ration, uniq_sigmund
D:4:      layout_basic, overflow_temple_1_default, overflow_temple_1_default,
          gup_ossuary_entry_pyramid, kennysheep_slug_shrine, uniq_eustachio
D:5:      layout_rooms, minmay_temple_entry_offerings, serial_co_window_serial,
          co_window_corner_a, co_window_paths_b, co_window_of_opportunity_a,
          co_window_corner_a, co_window_corner_a, co_window_of_opportunity_a,
          co_window_paths_b, co_window_of_opportunity_b, co_window_corner_cb,
          co_window_corner_cb, co_window_broadway_c, co_window_broadway_a,
          co_window_sun, glass_columns_b, makhleb_blood_cavern_becter,
          uniq_blork_the_orc, uniq_prince_ribbit1
D:6:      layout_loops_ring, serial_shops, nicolae_shop_stone,
          hangedman_decor_clover_reticule, kennysheep_generic_room_14
D:7:      layout_basic, gammafunk_ghost_wrathful_warriors, uniq_duvessa
D:8:      layout_basic, the_bakery
D:9:      layout_loops_ring, overflow_temple_1_default, hiddenorc2_lemuel,
          special_room [special_room_orc]
D:10:     layout_cave_pools, serial_shops, shop_statue, minivault_20,
          uniq_harold
D:11:     layout_irregular_city, erik_lair_island, serial_shops, shop_statue,
          glass_columns_a, uniq_sonja, uniq_urug, uniq_erolcha, uniq_nergalle
D:12:     layout_gridville
Temple:   regret_index_temple_generic_petals
Lair:1:   layout_layer_cave, infiniplex_staircase_pool_2
Orc:1:    layout_caves, uniq_maurice

Skill      XL: |  1  2  3  4  5  6  7  8  9 10 11 12 |
---------------+-------------------------------------+-----
Fighting       | 3 4 5 6 7 |  7.0
Axes           | 3 5 6 8 9 10 11 | 11.9
Shields        | 4 5 7 8 9 |  9.4
Armour         | 4 5 6 7 8 9 |  9.4
Dodging        | 1 2 3 4 |  4.1
Throwing       | 1 2 4 5 |  5.9
Stealth        | 1 |  1.7
Evocations     | 1 5 6 |  6.0
Long Blades    | 4 5 |  5.0
Invocations    | 4 5 |  5.6

Action                   |  1- 3 |  4- 6 |  7- 9 | 10-12 || total
-------------------------+-------+-------+-------+-------++-------
Melee: War axe           |   101 |   221 |   369 |   378 ||  1069
       Kick              |       |       |    87 |   146 ||   233
       Punch             |       |       |     1 |       ||     1
       Long sword        |       |       |       |   111 ||   111
       Broad axe         |       |       |       |     5 ||     5
Throw: Dart              |       |    14 |       |       ||    14
       Javelin           |       |    11 |    92 |    78 ||   181
       Stone             |       |     1 |     1 |       ||     2
       Boomerang         |       |       |    13 |       ||    13
Invok: Heroism           |       |       |     1 |     4 ||     5
 Abil: Heal Wounds       |       |     2 |    15 |    28 ||    45
       Evoke Blink       |       |       |     1 |       ||     1
Evoke: Wand              |       |       |     3 |     6 ||     9
  Use: Potion            |       |     5 |    17 |    10 ||    32
       Scroll            |       |     5 |    14 |     9 ||    28
  Eat: Ration            |     1 |     2 |     4 |     4 ||    11
       Chunk             |       |     2 |     2 |       ||     4
Armor: Scale mail        |    43 |    56 |       |       ||    99
       Chain mail        |       |    27 |   202 |   261 ||   490
Dodge: Dodged            |    29 |    50 |   133 |   160 ||   372
Block: Shield            |    63 |   105 |   221 |   369 ||   758
       Rpst.: Long sword |       |       |       |     9 ||     9
